 Dungeon Crawl Stone Soup version 0.29-a0-721-g7f417c9bbb (webtiles) character file.

Game seed: 8480180087690098047

7791 Armakuni the Destroyer (level 10, 0/69 HPs)
             Began as a Demigod Conjurer on June 26, 2022.
             Slain by Snorg (12 damage)
             ... on level 10 of the Dungeon on June 27, 2022.
             The game lasted 00:33:46 (11351 turns).

Armakuni the Destroyer (Demigod Conjurer)          Turns: 11351, Time: 00:33:47

Health: 0/69       AC: 15    Str: 16    XL:     10   Next: 70%
Magic:  3/24       EV: 12    Int: 24    God:
Gold:   169        SH:  0    Dex: 12    Spells: 4/23 levels left

rFire   . . .      SeeInvis .   a - +1 flail (protect)
rCold   + . .      Faith    .   (no shield)
rNeg    + . .      Spirit   .   u - +2 robe {Will+}
rPois   .          Reflect  .   (no helmet)
rElec   .          Harm     .   q - +1 cloak
rCorr   .          Rampage  .   s - +1 pair of gloves
Will    ++...                   (no boots)
Stlth   ++........              M - amulet of magic regeneration
HPRegen 0.21/turn               N - ring of positive energy
MPRegen 0.59/turn               J - ring of protection from cold

@: under a protective aura
A: high MP 1, forlorn, divine attributes
a: no special abilities


You were on level 10 of the Dungeon.
You visited 2 branches of the dungeon, and saw 11 of its levels.

You collected 482 gold pieces.
You spent 313 gold pieces at shops.

Inventory:

Hand Weapons
 a - a +1 flail of protection (weapon)
 e - a +0 dagger of venom
 I - a +3 dire flail of freezing
Missiles
 g - 3 javelins
 t - a boomerang of dispersal
 D - 5 curare-tipped darts
Armour
 f - a +0 ring mail
 i - a +0 scale mail
 j - a +0 buckler
 q - a +1 cloak (worn)
 s - a +1 pair of gloves (worn)
 u - a +2 robe of willpower (worn)
Jewellery
 F - a ring of fire
 G - an amulet of guardian spirit
 H - an amulet of reflection
 J - a ring of protection from cold (right hand)
 M - an amulet of magic regeneration (around neck)
 N - a ring of positive energy (left hand)
Wands
 p - a wand of paralysis (4)
 v - a wand of flame (25)
Scrolls
 d - 2 scrolls of poison
 k - 2 scrolls of blinking
 l - a scroll of enchant weapon
 m - a scroll of identify
 n - 5 scrolls of fog
 A - 3 scrolls of magic mapping
 B - 4 scrolls of teleportation
 C - 2 scrolls of amnesia
 K - a scroll of fear
 X - 2 scrolls of brand weapon
Potions
 b - 2 potions of magic
 c - a potion of mutation
 h - 7 potions of brilliance
 o - 3 potions of haste
 r - a potion of flight {unknown}
 w - a potion of lignification
 x - 3 potions of curing {unknown}
 y - 3 potions of heal wounds
 z - a potion of might
 E - a potion of ambrosia {unknown}


   Skills:
 - Level 1.7 Dodging
 - Level 1.7 Stealth
 - Level 7.0 Spellcasting
 + Level 13.6 Conjurations
 + Level 3.3 Fire Magic


You had 4 spell levels left.
You knew the following spells:

 Your Spells              Type           Power      Damage    Failure   Level
b - Starburst             Conj/Fire      24%        6d8       32%         6
i - Inner Flame           Hex/Fire       16%        N/A       11%         3
m - Iskenderun's Mystic   Conj/Tloc      41%        2d9       4%          4
p - Fulminant Prism       Conj/Hex       20%        3d13      4%          4
z - Searing Ray           Conj           100%       2d8       1%          2

Your spell library contained the following spells:

 Spells                   Type           Power      Damage    Failure   Level
 Foxfire                  Conj/Fire      100%       2x1d9     1%          1
 Magic Dart               Conj           100%       1d8       1%          1
 Conjure Flame            Conj/Fire      49%        6-21      1%          3
 Dazzling Flash           Conj/Hex       82%        N/A       1%          3
 Flame Wave               Conj/Fire      49%        2d10      2%          4
 Poisonous Vapours        Pois/Air       16%        N/A       11%         2
 Corpse Rot               Necr/Pois/Air  8%         N/A       56%         4
 Leda's Liquefaction      Hex/Erth       4%         N/A       56%         4
 Agony                    Necr           8%         N/A       89%         5
 Lee's Rapid Deconstruct  Erth           4%         3d6*      89%         5
 Silence                  Hex/Air        4%         N/A       89%         5
 Statue Form              Tmut/Erth      5%         N/A       100%        6


Dungeon Overview and Level Annotations

Branches:
Dungeon (10/15)            Temple (1/1) D:4            Lair (0/6) D:9
    Orc: D:9-12

Shops:
D:4 =!*

Annotations:
D:8 1 runed translucent door, Flippered's ghost, novice MiBe
D:10 Snorg


Innate Abilities, Weirdness & Mutations

You have an increased reservoir of magic. (+10% MP)
You shall have no god before yourself.
Your divine heritage dramatically boosts your attributes as you level up.


Message History

The polar bear is engulfed in poison gas.
The polar bear looks as sick as possible!
Snorg is engulfed in poison gas.
Snorg looks as sick as possible!
Casting: Iskenderun's Mystic Blast (dangerous; 4% risk of failure)
Confirm with . or Enter, or press ? or * to list all spells.
You erupt in a blast of force!
The mystic blast hits the polar bear!
You kill the polar bear!
The mystic blast hits Snorg!
Snorg is severely wounded.
Snorg is knocked back by the mystic blast.
Snorg is engulfed in poison gas.
Snorg looks as sick as possible!
Snorg rages.
Casting: Iskenderun's Mystic Blast (dangerous; 4% risk of failure)
Confirm with . or Enter, or press ? or * to list all spells.
You don't have enough magic to cast this spell.
Aiming: Throw Flame
Press: ? - help, Shift-Dir - straight line, f - Snorg
Aim: Snorg (poison gas, severely wounded, berserk, extremely poisoned, 68% to hit)
The puff of flame hits Snorg.
Snorg is almost dead.
Snorg is engulfed in poison gas.
Snorg looks as sick as possible!
Casting: Iskenderun's Mystic Blast (dangerous; 4% risk of failure)
Confirm with . or Enter, or press ? or * to list all spells.
Okay, then.
Unknown command.
You hit Snorg.
Your weapon exudes an aura of protection.
Snorg is almost dead.
Snorg is engulfed in poison gas.
Snorg looks as sick as possible!
Snorg bites you! Snorg claws you but does no damage. x2
Snorg is engulfed in poison gas.
Snorg looks as sick as possible!
Snorg barely misses you. Snorg closely misses you. Snorg claws you.
* * * LOW HITPOINT WARNING * * *
You closely miss Snorg.
Snorg is almost dead.
Snorg is engulfed in poison gas.
Snorg looks as sick as possible!
Snorg bites you!
* * * LOW HITPOINT WARNING * * *
Snorg claws you!
You die...

.........#. §☼○§°☼°§°. .
☼☼§°○°§.§. §§.##
#°☼§§○°.☼.
#.......°°☼#§##.§§☼§°☼°.
.........○§°☼§☼§°.P§P○§☼.
.........☼☼°☼§○§°○§§P☼§§.
.........§§○§○○§T○○☼§§○○.
...........#.##.@°°§○○°§.
.....#....### #°☼)○§°°○○.
.....##.....# #§§☼○.○°°°.
......#....# #§§☼○§.§§°#
...........#####§§°§.○°°.
............##.§.○☼§###§.
...............☼§☼§°°....
...............§°§☼§☼§#..
......##..............#


You could see Snorg (berserk, extremely poisoned).

Vanquished Creatures
  3 two-headed ogres
  An ugly thing (D:8)
  A kobold demonologist (D:9)
  A komodo dragon (D:8)
  2 polar bears (D:10)
  A troll (D:10)
  A wyvern (D:9)
  2 steam dragons
  2 yaks
  An acid dragon (D:10)
  A water moccasin (D:5)
  2 black bears
  3 orc warriors
  3 sky beasts
  An ogre (D:5)
  5 centaurs
  A kobold brigand (D:8)
  2 scorpions
  4 bullfrogs
  3 gnoll sergeants
  14 wights
  6 electric eels (D:7)
  2 howler monkeys
  2 jellies
  4 orc priests
  4 hounds
  An iguana (D:7)
  Jessica (D:3)
  5 orc wizards
  10 adders
  11 gnolls
  A shadow imp (D:7)
  2 white imps
  An ufetubus (D:6)
  2 worms
  22 orcs
  8 endoplasms
  4 giant cockroaches
  7 goblins
  9 hobgoblins
  4 quokkas
  5 ball pythons
  6 bats
  6 frilled lizards
  13 kobolds
  5 rats
195 creatures vanquished.

Vanquished Creatures (others)
  26 fulminant prisms
  10 fungi (D:9)
  19 plants
55 creatures vanquished.

Grand Total: 250 creatures vanquished

Notes
Turn   | Place    | Note
-------+----------+-------------------------------------------
     0 | D:1      | Armakuni the Demigod Conjurer began the quest for the Orb.
     0 | D:1      | Reached XP level 1. HP: 14/14 MP: 5/5
   208 | D:1      | Reached skill level 4 in Conjurations
   349 | D:1      | Reached XP level 2. HP: 20/20 MP: 2/7
   433 | D:1      | Learned a level 2 spell: Searing Ray
  1525 | D:2      | Reached XP level 3. HP: 26/26 MP: 3/8
  2515 | D:3      | Reached skill level 5 in Conjurations
  2868 | D:3      | Noticed Jessica
  2875 | D:3      | Killed Jessica
  2876 | D:3      | Reached XP level 4. HP: 33/33 MP: 1/10
  3539 | D:4      | Found a staircase to the Ecumenical Temple.
  3717 | D:4      | Reached XP level 5. HP: 36/38 MP: 2/12
  4209 | D:4      | Found Xorghagoe's Jewellery Boutique.
  4209 | D:4      | Found Cummach's Distillery.
  4210 | D:4      | Found Wisecvum's General Store.
  4216 | D:4      | Bought a potion of degeneration for 13 gold pieces
  4447 | D:4      | Learned a level 4 spell: Iskenderun's Mystic Blast
  5028 | D:5      | Entered Level 5 of the Dungeon
  5028 | D:5      | You fall into a shaft and drop 2 floors!
  5037 | D:7      | Noticed an orc warrior
  5092 | D:7      | Reached skill level 6 in Conjurations
  5092 | D:7      | Reached XP level 6. HP: 33/45 MP: 2/14
  5494 | D:5      | Reached skill level 7 in Conjurations
  5494 | D:5      | Reached XP level 7. HP: 50/50 MP: 12/16
  5500 | D:5      | Learned a level 4 spell: Fulminant Prism
  6281 | D:6      | Reached skill level 5 in Spellcasting
  6333 | D:6      | Learned a level 3 spell: Inner Flame
  6646 | D:6      | Reached skill level 8 in Conjurations
  6683 | D:6      | Reached XP level 8. HP: 57/57 MP: 13/19
  7006 | D:7      | Reached skill level 9 in Conjurations
  7746 | D:7      | Reached skill level 10 in Conjurations
  8149 | D:7      | Reached XP level 9. HP: 38/62 MP: 13/21
  8203 | D:7      | Learned a level 6 spell: Starburst
  8596 | D:8      | Noticed a komodo dragon
  8772 | D:8      | Killed a komodo dragon
  9025 | D:8      | Noticed a red ugly thing
  9240 | D:4      | Bought an amulet of magic regeneration for 300 gold pieces
  9341 | Temple   | Entered the Ecumenical Temple
  9432 | D:8      | Killed a red ugly thing
  9433 | D:8      | Reached skill level 11 in Conjurations
  9742 | D:8      | Found a runed translucent door.
  9751 | D:8      | Noticed Flippered's ghost (novice MiBe)
  9752 | D:8      | Identified the +6 spear "Daowi" {vorpal, rCorr Str+8
                  | Stlth-}
  9957 | D:8      | Upgraded the game from 0.29-a0-717-g6dac4ea423 to
                  | 0.29-a0-721-g7f417c9bbb
 10000 | D:9      | Noticed a two-headed ogre
 10001 | D:9      | Noticed a kobold demonologist
 10011 | D:9      | Killed a two-headed ogre
 10119 | D:9      | Killed a kobold demonologist
 10120 | D:9      | Reached skill level 12 in Conjurations
 10190 | D:9      | Reached XP level 10. HP: 69/69 MP: 20/24
 10291 | D:9      | Noticed a two-headed ogre
 10309 | D:9      | Killed a two-headed ogre
 10383 | D:9      | Reached skill level 13 in Conjurations
 10741 | D:9      | Found a staircase to the Lair.
 10846 | D:10     | Entered Level 10 of the Dungeon
 10851 | D:10     | Reached skill level 1 in Fire Magic
 11161 | D:10     | Noticed Snorg
 11231 | D:10     | Noticed a two-headed ogre
 11236 | D:10     | Killed a two-headed ogre
 11351 | D:10     | Slain by Snorg

Illustrated notes

Levels and vault maps discovered:
D:1:      minmay_arrival_shoal_huts, layout_basic,
          hellmonk_ecumenical_altar_inner_sanctum, minmay_lizard_pond
D:2:      layout_basic, minmay_misc_feat_five
D:3:      layout_basic, nicolae_uskayaw_suspiria, uniq_jessica
D:4:      minmay_opposing_rooms, layout_basic,
          minmay_temple_entry_drinking_statues, nicolae_wooded_promenade
D:5:      layout_cave_pools, kennysheep_boxes
D:6:      layout_basic, roderic_roman_lattice
D:7:      cheibrodos_two_vegetables, layout_basic,
          gammafunk_temple_overflow_claw
D:8:      layout_rooms, ebering_ghost_funeral_grove
D:9:      layout_basic, grunt_lair_entry_orc_guard_hut, hangedman_decor_opposing
D:10:     layout_cave_pools, trog_ov_bears_minmay, serial_shops,
          kennysheep_mini_moat, dreamdust_gnoll_shepherd, uniq_snorg
Temple:   minmay_crystal_spiral_temple

Skill      XL: |  1  2  3  4  5  6  7  8  9 10 |
---------------+-------------------------------+-----
Conjurations   | 4 5 6 7 8 10 12 13 | 13.6
Spellcasting   | 2 3 4 5 7 |  7.0
Fire Magic     | 3 |  3.3
Dodging        | |  1.7
Stealth        | |  1.7

Action                   |  1- 3 |  4- 6 |  7- 9 | 10-12 || total
-------------------------+-------+-------+-------+-------++-------
Melee: Whip              |     1 |       |       |       ||     1
       Mace              |     6 |     7 |       |       ||    13
       Flail             |       |     1 |    12 |     4 ||    17
 Cast: Magic Dart        |    25 |       |       |       ||    25
       Searing Ray       |    30 |    34 |    57 |     3 ||   124
       Fulminant Prism   |       |       |    10 |    16 ||    26
       Iskenderun's Myst |       |       |    16 |    26 ||    42
Evoke: Wand              |       |       |    17 |     7 ||    24
  Use: Scroll            |     5 |     6 |     5 |     3 ||    19
       Potion            |       |     3 |       |       ||     3
 Stab: Sleeping          |       |     1 |       |       ||     1
       Paralysed         |       |       |     4 |       ||     4
Armor: Robe              |     2 |    10 |    18 |    15 ||    45
       Skin              |       |     5 |       |       ||     5
Dodge: Dodged            |    25 |    30 |    75 |    18 ||   148
Block: Other             |       |     3 |    20 |       ||    23
       Reflection        |       |       |     7 |       ||     7

Table legend: (Time is in decaauts)
 A = Elapsed time spent in this place.
 B = Non-inter-level travel time spent in this place.
 C = Inter-level travel time spent in this place.
 D = Time resting spent in this place.
 E = Time spent auto-exploring this place.
 F = Levels seen in this place.
 G = Mean time per level.
                   A        B        C        D        E       F      G
               +--------+--------+--------+--------+--------+-----+--------+
         Total |  11391 |  10947 |    444 |   3092 |   5652 |  11 | 1035.5 |
       Dungeon |  11390 |  10946 |    444 |   3092 |   5652 |  10 | 1139.0 |
        Temple |      1 |      1 |      0 |      0 |      0 |   1 |    1.0 |
               +--------+--------+--------+--------+--------+-----+--------+

Top non-repeatable levels by time:
     D:7: 2182 daAuts
     D:4: 1780 daAuts
     D:1: 1332 daAuts
     D:9: 1156 daAuts
     D:3: 1113 daAuts
     D:8: 981 daAuts
     D:6: 958 daAuts
     D:2: 953 daAuts
     D:5: 791 daAuts
    D:10: 140 daAuts
  Temple: 1 daAuts
